 Dungeon Sprint DCSS version 0.28.0-53-g5a82cb258f (webtiles) character file.

Game seed: 2824885634312177617

0 Atelerd the Shield-Bearer (level 1, -10/14 HPs)
             Began as a Gargoyle Fighter on July 17, 2022.
             Was an Initiate of Jiyva.
             Killed from afar by a deep elf knight (24 damage)
             ... with a shard of ice
             ... in the Dungeon (Sprint V: "Ziggurat Sprint").
             The game lasted 00:01:17 (69 turns).

Atelerd the Shield-Bearer (Gargoyle Fighter)          Turns: 69, Time: 00:01:17

Health: -10/14     AC: 28    Str: 19    XL:     1   Next: 0%
Magic:  1/1        EV:  5    Int:  8    God:    Jiyva [......]
Gold:   0          SH:  0    Dex:  9    Spells: 0/0 levels left

rFire   + + .      SeeInvis .   l - +7 great mace "Firestarter" {inner flame, rF++}
rCold   . . .      Faith    .   (shield currently unavailable)
rNeg    + . .      Spirit   .   n - +15 Maxwell's patent armour {-Cast -Tele rElec Will+ rCorr}
rPois   ∞          Reflect  .   (no helmet)
rElec   +          Harm     .   (no cloak)
rCorr   +          Rampage  .   (no gloves)
Will    +....      NoTele   +   (no boots)
Stlth   .......... NoCast   +   (no amulet)
HPRegen 0.04/turn               (no ring)
MPRegen 0.07/turn               (no ring)

@: no status effects
A: sickness immunity, AC +2, negative energy resistance 1, electricity
resistance, torment resistance 1, petrification resistance
a: Renounce Religion


You were in the Dungeon.
You worshipped Jiyva.
Jiyva was noncommittal.
You visited 1 branch

Inventory:

Hand Weapons
 a - a +0 war axe
 l - the +7 great mace "Firestarter" (weapon) {inner flame, rF++}
   (You found it in the Dungeon)

   It burns those it strikes, dealing additional fire damage.
   It fills those it strikes with an explosive inner flame.
   It grants immunity to clouds of flame.
   rF:        It greatly protects you from fire.
 m - the +14 obsidian axe {vorpal, Mesm Drain Fly SInv}
   (You found it in the Dungeon)

   It inflicts extra damage upon your enemies.
   It occasionally summons demons to assist the wielder when it strikes in
   combat.
   Its wielder is mesmerised by any visible foes.
   It cannot be unequipped while any foes are visible.
   SInv:      It lets you see invisible.
   Fly:       It grants you flight.
   Drain:     It drains your maximum health when unequipped.
Armour
 b - a +0 scale mail
 c - a +0 buckler
 k - a +5 crystal plate armour
 n - the +15 Maxwell's patent armour (worn) {-Cast -Tele rElec Will+ rCorr}
   (You found it in the Dungeon)

   rElec:     It insulates you from electricity.
   -Cast:     It prevents spellcasting.
   -Tele:     It prevents most forms of teleportation.
   rCorr:     It protects you from acid and corrosion.
   Will:      It increases your willpower.
 o - the +18 shield of the Gong {rElec rN+ Will+ EV-5}
   (You found it in the Dungeon)

   It is deafeningly noisy when blocking attacks.
   EV:        It affects your evasion (-5).
   rElec:     It insulates you from electricity.
   rN:        It protects you from negative energy.
   Will:      It increases your willpower.
Scrolls
 j - a scroll of blinking
Potions
 d - a potion of might
 e - a potion of curing
 f - a potion of heal wounds
 g - a potion of haste
 h - 2 potions of magic
 i - a potion of berserk rage


   Skills:
 + Level 3.2 Fighting
 - Level 1.7 Axes
 + Level 0.0(1.1) Maces & Flails
 * Level 3.2 Armour
 + Level 0.0 Dodging
 - Level 3.2 Shields


You couldn't memorise any spells.
You didn't know any spells.
Your spell library was empty.

Dungeon Overview and Level Annotations

Branches:
Dungeon (1/1)

Altars:
Ashenzari
Cheibriados
Dithmenos
Elyvilon
Fedhas
Gozag
Hepliaklqana
Kikubaaqudgha
Makhleb
Nemelex Xobeh
Okawaru
Qazlal
Ru
Sif Muna
Trog
Uskayaw
Vehumet
Wu Jian
Xom
Yredelemnul
Zin
The Shining One
Beogh
Jiyva
Lugonu

Annotations:
D 1 transporter


Innate Abilities, Weirdness & Mutations

You are immune to sickness and miasma.
Your stone body is resilient. (AC +2)
You are immune to poison.
You resist negative energy. (rN+)
You are resistant to electric shocks. (rElec)
You are resistant to unholy torment.
You are immune to petrification.


Message History

m - the +14 obsidian axe {vorpal, Mesm Drain Fly SInv}
n - the +15 Maxwell's patent armour {-Cast -Tele rElec Will+ rCorr}
o - the +18 shield of the Gong {rElec rN+ Will+ EV-5}
Okay, then.
You can't wield that with only one hand.
Okay, then.
Okay, then.
You start removing your armour.
You continue taking off your +0 buckler. x4
You finish taking off your +0 buckler.
You are filled with an inner flame.
l - the +7 great mace "Firestarter" (weapon)
{inner flame, rF++} You start removing your armour.
You continue taking off your +0 scale mail. x4
You finish taking off your +0 scale mail.
You start putting on your armour.
You continue putting on the +15 Maxwell's patent armour {-Cast -Tele rElec Will+ rCorr}. x5
You finish putting on the +15 Maxwell's patent armour {-Cast -Tele rElec Will+ rCorr}.
Unknown command.
Unknown command.
Things that are here:
the +6 Majin-Bo {vamp, MP+6 Int+6}; the +9 heavy crossbow "Sniper" {vorpal, Acc+∞ SInv}; the +10 dark maul {vorpal}
Items here: ))))))))).
Found a shimmering blue altar of Sif Muna.
Found a bloodstained altar of Trog.
There is a viscous altar of Jiyva here.
You kneel at the altar of Jiyva.
Jiyva welcomes you!
You hear a distant slurping noise. x22
You hear a distant slurping noise. x8
You hear a distant slurping noise. x2
There is a transporter here.
Welcome to arena 1.
You enter the transporter and appear at another place.
A water elemental and a deep elf knight come into view.
Found two items.
Found a transporter.
The deep elf knight points at you and mumbles some strange words.
The shard of ice hits you!!
Ouch! That really hurt!
You die...

▓▓▓▓▓▓▓
▓.8©8.▓
▓.....▓
▓.=.[.▓
▓.Ee..▓
▓.....▓
▓..©@.▓
▓▓▓▓▓▓▓


You could see a deep elf knight and a water elemental.

Vanquished Creatures (others)
  An azure jelly (D)
  A tormentor (D)
2 creatures vanquished.

Notes
Turn   | Place    | Note
-------+----------+-------------------------------------------
     0 | D        | Atelerd the Gargoyle Fighter began the quest for the Orb.
     0 | D        | Reached XP level 1. HP: 14/14 MP: 1/1
     3 | D        | Found a blossoming altar of Fedhas.
     3 | D        | Found the +6 Majin-Bo {vamp, MP+6 Int+6}
     3 | D        | Found the +9 heavy crossbow "Sniper" {vorpal, Acc+∞ SInv}
     3 | D        | Found the +10 dark maul {vorpal}
     3 | D        | Found the +15 Maxwell's patent armour {-Cast -Tele rElec
                  | Will+ rCorr}
     3 | D        | Found the +18 shield of the Gong {rElec rN+ Will+ EV-5}
     3 | D        | Found the +14 obsidian axe {vorpal, Mesm Drain Fly SInv}
     3 | D        | Found the +7 great mace "Firestarter" {inner flame, rF++}
     3 | D        | Found the +6 shillelagh "Devastator" {shatter}
     3 | D        | Found the +11 plutonium sword {Contam Stlth-}
     3 | D        | Found the +8 lance "Wyrmbane" {slay drac, rPois rF+ rC+
                  | AC+3}
     3 | D        | Found the +9 sword of Zonguldrok {reap}
     3 | D        | Found the +13 scythe of Curses {drain, Drain}
     3 | D        | Found the +5 sword of Power {vorpal}
     3 | D        | Found the +7 mace of Variability {chain chaos}
     3 | D        | Found the +7 Singing Sword {vorpal, sonic wave}
     3 | D        | Found the +8 storm bow {elec, penet}
     4 | D        | Found a viscous altar of Jiyva.
     4 | D        | Found a hazy altar of Hepliaklqana.
     4 | D        | Found a transporter.
     4 | D        | Found an opulent altar of Gozag.
     4 | D        | Found an ancient bone altar of Kikubaaqudgha.
     4 | D        | Found a corrupted altar of Lugonu.
    12 | D        | Found a burning altar of Makhleb.
    13 | D        | Found a sparkling altar of Nemelex Xobeh.
    13 | D        | Found an iron altar of Okawaru.
    13 | D        | Found a stormy altar of Qazlal.
    13 | D        | Found a sacrificial altar of Ru.
    48 | D        | Found a shimmering blue altar of Sif Muna.
    51 | D        | Found a bloodstained altar of Trog.
    63 | D        | Became a worshipper of Jiyva Jecyomil the Shapeless
    64 | D        | Killed a tormentor
    66 | D        | Killed an azure jelly
    68 | D        | Entered arena 2.
    68 | D        | Noticed a water elemental
    68 | D        | Noticed a deep elf knight
    68 | D        | Found a transporter.
    69 | D        | Killed from afar by a deep elf knight

Illustrated notes

Levels and vault maps discovered:
D:        sprint_v [room_start, room_1, room_2, room_3, room_4, room_5, room_6,
          room_7, room_8, room_9, room_10, room_11, room_12, room_13, room_14,
          room_15, room_16, room_17, room_18, room_19, room_20, room_21,
          room_22, room_23, room_24, room_25, room_26, room_27]
